Map: Ephemeron LE

Players

Denver - Winner!

  • Race: Zerg Zerg
  • League: Master
  • Spawn Location: 5:00

Harstem

  • Race: Protoss Protoss
  • League: Grandmaster
  • Spawn Location: 11:00

Event: HomeStory Cup XX

VOD

Have the link to the VOD?

Description

Time

  • Played on: Nov. 21, 2019, 10:59 a.m.
  • Length: 9:24

All games in this series

Show
View Real Time Build Order
Export as new Build Order

Denver Zerg - Winner!

Build Orders: 3 Hatch before Pool 

Get SALT Encoding   

  12  0:00  Drone  
  13  0:12  Overlord  
  13  0:17  Drone  
  14  0:31  Drone x2  
  16  0:49  Hatchery  
  15  0:52  Drone  
  15  0:56  Drone  
  17  1:00  Drone  
  18  1:25  Hatchery  
  17  1:27  Drone  
  17  1:28  Extractor  
  17  1:29  Drone  
  18  1:42  Spawning Pool  
  18  1:45  Drone  
  18  1:49  Drone  
  18  1:52  Drone  
  20  2:02  Drone x2  
  23  2:11  Overlord  
  23  2:12  Drone  
  24  2:27  Overlord  
  24  2:28  Queen  
  24  2:29  Zergling x2, Queen  
  29  2:31  Metabolic Boost  
  29  2:33  Zergling x2  
  29  2:35  Zergling x2  
  31  2:43  Drone  
  32  2:46  Drone  
  33  2:58  Hatchery  
  32  3:00  Drone  
  32  3:04  Drone  
  34  3:08  Zergling x4  
  36  3:15  Overlord  
  36  3:18  Drone  
  37  3:22  Extractor  
  37  3:23  Queen  
  37  3:26  Drone x2  
  39  3:35  Drone  
  39  3:36  Drone  
  39  3:38  Queen  
  43  3:43  Drone x2  
  43  3:44  Drone  
  43  3:48  Overlord  
  46  3:55  Drone  
  47  4:00  Lair  
  47  4:03  Drone  
  47  4:04  Drone  
  47  4:09  Spore Crawler  
  48  4:12  Spore Crawler  
  48  4:13  Drone  
  48  4:14  Queen, Drone  
  48  4:16  Drone  
  52  4:20  Drone  
  52  4:22  Spore Crawler  
  52  4:26  Drone x3  
  52  4:27  Drone  
  52  4:31  Drone  
  57  4:35  Drone, Evolution Chamber  
  57  4:37  Overlord  
  58  4:39  Zergling x6  
  61  4:46  Overlord  
  61  4:47  Zergling x4  
  61  4:48  Zergling x2  
  63  4:54  Overlord  
  63  4:59  Zergling x10  
  68  5:01  Pneumatized Carapace  
  68  5:10  Queen  
  68  5:13  Zergling x10  
  73  5:18  Drone  
  73  5:19  Drone x3  
  71  5:22  Drone x2  
  72  5:31  Zergling x10  
  72  5:34  Queen  
  75  5:40  Zergling x2  
  75  5:41  Zergling x6  
  75  5:49  Zergling x8  
  78  5:56  Zergling x6  
  77  5:58  Queen  
  77  6:01  Zergling x2  
  77  6:11  Queen  
  77  6:15  Zergling x12  
  77  6:17  Hydralisk Den  
  84  6:21  Overlord  
  84  6:23  Extractor  
  84  6:24  Extractor  
  81  6:28  Drone x5  
  84  6:32  Drone  
  84  6:35  Drone  
  83  6:42  Drone  
  83  6:43  Drone  
  83  6:47  Grooved Spines, Drone x4  
  84  6:50  Extractor  
  86  7:00  Drone x4  
  84  7:03  Overlord  
  84  7:04  Hydralisk x2  
  84  7:05  Extractor  
  83  7:10  Overlord  
  83  7:14  Hydralisk, Overlord  
  82  7:24  Hydralisk x3  
  82  7:25  Drone  
  82  7:26  Drone  
  82  7:29  Extractor  
  89  7:32  Overlord  
  89  7:33  Hydralisk x2  
  93  7:43  Hydralisk x2  
  93  7:44  Hydralisk  
  97  7:45  Overlord  
  97  7:49  Overlord  
  99  7:54  Hydralisk x2  
  99  7:58  Muscular Augments, Hydralisk x2  
  103  8:03  Hydralisk  
  108  8:07  Hydralisk  
  108  8:11  Hydralisk  
  112  8:13  Overlord  
  112  8:18  Hydralisk x2  
  114  8:26  Hydralisk x2  
  115  8:34  Hydralisk  
  115  8:35  Hydralisk x2  
  115  8:39  Overlord  
  117  8:45  Hydralisk x3  
  117  8:47  Overlord  
  117  8:48  Overlord  
  121  8:52  Overseer  
  121  8:59  Zergling x14  
Show
View Real Time Build Order
Export as new Build Order

Harstem Protoss 

Build Orders: Oracle Opening, Zealot Archon 

Get SALT Encoding   

  12  0:00  Probe  
  13  0:12  Probe  
  14  0:19  Pylon  
  14  0:24  Probe  
  15  0:33  Assimilator, Probe  
  15  0:41  Probe  
  16  0:48  Gateway  
  17  0:52  Probe  
  18  1:04  Probe  
  19  1:16  Probe  
  20  1:28  Probe  
  20  1:30  Zealot  
  20  1:32  Pylon  
  21  1:35  Cybernetics Core  
  21  1:37  Gateway  
  23  1:50  Probe  
  24  2:02  Probe  
  25  2:16  Nexus  
  25  2:22  Adept  
  27  2:27  Adept  
  29  2:32  Assimilator  
  29  2:35  Probe  
  30  2:42  Pylon  
  30  2:47  Probe  
  31  2:54  Stargate  
  31  2:58  Probe  
  31  3:05  Warp Gate  
  32  3:06  Probe  
  33  3:14  Stalker, Probe  
  36  3:27  Probe  
  37  3:31  Oracle  
  37  3:36  Probe  
  37  3:39  Probe  
  42  3:44  Probe  
  43  3:51  Probe  
  43  3:52  Probe  
  44  3:58  Oracle  
  45  4:03  Probe  
  45  4:04  Probe  
  45  4:06  Assimilator  
  45  4:09  Assimilator  
  50  4:13  Pylon  
  50  4:15  Probe  
  50  4:16  Probe  
  52  4:17  Robotics Facility  
  52  4:27  Probe  
  52  4:28  Probe  
  54  4:31  Pylon  
  54  4:38  Probe  
  54  4:39  Probe  
  56  4:46  Probe  
  56  4:51  Probe  
  58  4:54  Nexus  
  58  4:57  Pylon  
  58  4:58  Probe  
  58  4:59  Forge  
  58  5:00  Twilight Council  
  58  5:03  Sentry, Probe  
  58  5:05  Sentry  
  64  5:08  Pylon  
  64  5:17  Observer  
  64  5:20  Probe  
  65  5:21  Probe  
  65  5:28  Zealot  
  69  5:29  Immortal, Zealot  
  69  5:31  Protoss Ground Weapons Level 1  
  69  5:33  Probe  
  70  5:37  Charge  
  70  5:42  Probe  
  71  5:45  Probe  
  71  5:49  Gateway  
  72  5:50  Zealot x2  
  72  5:56  Photon Cannon  
  72  5:58  Probe  
  72  5:59  Probe  
  74  6:11  Probe, Gateway  
  75  6:12  Gateway  
  75  6:19  Zealot x2  
  75  6:20  Immortal  
  75  6:21  Probe x2  
  75  6:23  Probe  
  75  6:37  Templar Archives  
  75  6:39  Stalker, Gateway  
  77  6:41  Sentry  
  78  6:51  Gateway  
  78  7:02  Pylon x2  
  78  7:05  Pylon  
  76  7:10  Warp Prism  
  76  7:11  Pylon  
  76  7:17  Pylon  
  76  7:20  Probe  
  76  7:21  Cybernetics Core  
  79  7:30  Gateway  
  79  7:31  Gateway  
  79  7:32  High Templar x3  
  79  7:33  High Templar  
  79  7:36  Archon x2  
  87  7:42  Zealot  
  89  7:51  Zealot  
  89  8:00  Phoenix  
  89  8:04  Zealot x4  
  99  8:15  High Templar x2  
  99  8:18  Pylon  
  103  8:21  Archon  
  103  8:24  Stalker  
  103  8:25  Stalker  
  107  8:33  Zealot x3  
  110  8:36  Probe  
  110  8:37  Pylon  
  110  8:39  Pylon, Probe  
  110  8:42  Pylon  
  111  8:48  Probe  
  111  8:52  Probe  
  112  9:01  Probe  
  113  9:05  Zealot x5  
  117  9:10  Zealot  
  117  9:13  Zealot  
  96  9:19  Nexus  
Tags
 
Add a new tag
Caveats
  • Supply blocks, unpowered buildings, or Contaminate may cause inaccurate times.
  • Supply counts are checked every 10 seconds.